 Dungeon Crawl Stone Soup version 0.22.1-1-ga44c0e56f4 (webtiles) character file.

2982 Peloso the Carver (level 9, -3/81 HPs)
             Began as a Minotaur Fighter on Oct 4, 2018.
             Was a Believer of Okawaru.
             Killed by divine providence
             ... invoked by an orc priest
              (12 damage)
             ... on level 9 of the Dungeon.
             The game lasted 00:17:51 (7488 turns).

Peloso the Carver (Minotaur Fighter)                Turns: 7488, Time: 00:17:52

Health: -3/81      AC: 13    Str: 22    XL:     9   Next: 53%
Magic:  8/8        EV:  7    Int:  5    God:    Okawaru [**....]
Gold:   354        SH: 11    Dex: 12    Spells: 8/8 levels left

rFire    . . .     SeeInvis .   a - +0 long sword
rCold    . . .     Gourm    .   c - +0 shield
rNeg     . . .     Faith    .   d - +0 plate armour
rPois    .         Spirit   .   (helmet restricted)
rElec    .         Reflect  .   h - scarf {repulsion}
rCorr    .         Harm     .   (no gloves)
MR       .....                  (no boots)
Stlth    ..........             (no amulet)
HPRegen  0.23/turn              u - ring of stealth
MPRegen  0.11/turn              (no ring)

@: repel missiles
A: retaliatory headbutt, horns 2
a: Heroism, Renounce Religion


You were on level 9 of the Dungeon.
You worshipped Okawaru.
Okawaru was pleased with you.
You were not hungry.

You visited 2 branches of the dungeon, and saw 10 of its levels.

You collected 354 gold pieces.

Inventory:

Hand Weapons
 a - a +0 long sword (weapon)
Armour
 b - a +0 chain mail
 c - a +0 shield (worn)
 d - a +0 plate armour (worn)
 h - a scarf of repulsion (worn)
Jewellery
 u - a ring of stealth (left hand)
Wands
 j - a wand of random effects (11)
 m - a wand of iceblast (33)
Scrolls
 e - 3 scrolls of identify
 g - 5 scrolls of remove curse
 i - a scroll of blinking
 p - 2 scrolls of enchant armour {unknown}
 q - a scroll of amnesia
 r - 5 scrolls of teleportation {unknown}
Potions
 k - a potion of brilliance
 l - a potion of agility
 n - a potion of curing
 o - 6 potions of flight
 s - a potion of mutation
 t - a potion of might
Comestibles
 f - 11 rations


   Skills:
 + Level 8.0 Fighting
 + Level 9.7 Long Blades
 + Level 7.7 Armour
 + Level 3.7 Dodging
 + Level 0.9 Stealth
 + Level 7.6 Shields
 + Level 0.7 Evocations


You had 8 spell levels left.
You didn't know any spells.
Your spell library contained the following spells:

 Spells                   Type           Power        Failure   Level  Hunger
 Animate Skeleton         Necr           N/A          100%        1    ##.....
 Pain                     Necr           #...         100%        1    ##.....
 Regeneration             Chrm/Necr      #.........   100%        3    ####...
 Vampiric Draining        Necr           #.........   100%        3    ####...
 Animate Dead             Necr           N/A          100%        4    #####..


Dungeon Overview and Level Annotations

Branches:
Dungeon (9/15)             Temple (1/1) D:5
   Lair: D:8-11         Orc: D:9-12

Altars:
Ashenzari
Cheibriados
Dithmenos
Elyvilon
Fedhas
Gozag
Hepliaklqana
Kikubaaqudgha
Nemelex Xobeh
Okawaru
Qazlal
Ru
Trog
Uskayaw
Vehumet
Wu Jian
Xom
Yredelemnul
Zin

Shops:
D:4 :   D:5 }

Annotations:
D:4 1 runed door, Lisan's ghost, amateur MfGl


Innate Abilities, Weirdness & Mutations

You reflexively headbutt those who attack you in melee.
You have a pair of horns on your head.


Message History

Your Fighting skill increases to level 8!
The adder bites you but does no damage. The hippogriff barely misses you.
You furiously retaliate!
You headbutt the hippogriff.
The hippogriff pecks you but does no damage.
You block the hippogriff's attack. You block the orc's attack.
The orc priest mumbles some strange prayers to Beogh against you.
Beogh smites you!
* * * LOW HITPOINT WARNING * * *
You block the adder's attack. The adder barely misses you.
You see here a sky beast corpse.
The orc priest mumbles some strange prayers to Beogh against you.
Beogh smites you!
* * * LOW HITPOINT WARNING * * *
You see here a scroll labeled BEETSYQACETZ.
The orc priest begins to cast a cantrip, but forgets the words!
You see here 13 poisoned needles.
The orc priest invokes the aid of Beogh against you.
Beogh smites you!
You die...

........# #..# ...<....#
#..# ........# #..#
........# #..#
.....)..########..########
...?......................
.........o.n..............
..........oO..HS...######
.......#########@..#
.......# #...# .......#
#...# .......# #...#
.......# #...# .......#
#...# .†..<..# #...#
.......# #...# .......#
######...#


You could see a two-headed ogre, a hippogriff, a necrophage, an orc priest, an
adder and an orc.

Vanquished Creatures
  Sigmund (D:4)
  A phantom (D:8)
  An ice beast (D:7)
  2 orc warriors
  2 sky beasts (D:9)
  A necrophage (D:8)
  3 ogres
  A centaur (D:5)
  A big kobold (D:4)
  5 bullfrogs
  A scorpion (D:7)
  A wyvern skeleton (D:6)
  2 howler monkeys
  2 crimson imps
  7 hounds
  An orc priest (D:3)
  A jelly (D:4)
  A gnoll shaman (D:6)
  Crazy Yiuf (D:2)
  A bullfrog skeleton (D:5)
  2 iguanas
  Jessica (D:2)
  Ijyb (D:3)
  7 orc wizards
  9 worker ants
  A killer bee zombie (D:6)
  7 adders
  8 gnolls
  2 howler monkey skeletons
  An ooze (D:1)
  An adder skeleton (D:7)
  An adder zombie (D:7)
  4 worms
  3 dart slugs
  5 leopard geckos
  32 orcs
  4 giant cockroaches
  11 goblins
  5 hobgoblins
  4 jackals
  8 kobolds
  3 quokkas
  2 ball pythons
  A ball python skeleton (D:4)
  7 bats
  7 frilled lizards
  A leopard gecko skeleton (D:4)
  10 rats
184 creatures vanquished.

Notes
Turn   | Place    | Note
-------+----------+-------------------------------------------
     0 | D:1      | Peloso the Minotaur Fighter began the quest for the Orb.
     0 | D:1      | Reached XP level 1. HP: 19/19 MP: 0/0
    86 | D:1      | Reached XP level 2. HP: 27/27 MP: 1/1
   313 | D:1      | Reached XP level 3. HP: 33/33 MP: 2/2
   663 | D:2      | Reached skill level 3 in Long Blades
   787 | D:2      | Found a sacrificial altar of Ru.
   792 | D:2      | Found a bloodstained altar of Trog.
   792 | D:2      | Found a stormy altar of Qazlal.
   875 | D:2      | Reached XP level 4. HP: 31/40 MP: 3/3
   902 | D:2      | Found a runed door.
   983 | D:2      | Noticed Jessica
   987 | D:2      | Killed Jessica
  1046 | D:2      | Found a snail-covered altar of Cheibriados.
  1357 | D:2      | Noticed Crazy Yiuf
  1359 | D:2      | Killed Crazy Yiuf
  1458 | D:3      | Reached skill level 4 in Long Blades
  1461 | D:3      | Noticed Ijyb
  1484 | D:3      | Killed Ijyb
  1484 | D:3      | Reached XP level 5. HP: 43/47 MP: 4/4
  1543 | D:3      | Reached skill level 1 in Dodging
  2204 | D:3      | Reached skill level 5 in Shields
  2204 | D:3      | Reached XP level 6. HP: 47/53 MP: 5/5
  2499 | D:4      | Reached skill level 5 in Armour
  2579 | D:4      | Reached skill level 5 in Long Blades
  2620 | D:4      | Reached XP level 7. HP: 30/60 MP: 6/6
  2869 | D:4      | Noticed Sigmund
  2900 | D:4      | Killed Sigmund
  2900 | D:4      | Reached skill level 5 in Fighting
  2900 | D:4      | Reached skill level 6 in Long Blades
  3245 | D:4      | Found a runed door.
  3247 | D:4      | Noticed Lisan's ghost (amateur MfGl)
  3311 | D:4      | Found Vilut's Book Shop.
  3535 | D:5      | Entered Level 5 of the Dungeon
  3595 | D:5      | Found Yduckog's Gadget Boutique.
  4276 | D:5      | Found a staircase to the Ecumenical Temple.
  4285 | Temple   | Entered the Ecumenical Temple
  4339 | Temple   | Became a worshipper of Warmaster Okawaru
  4365 | D:5      | Reached skill level 7 in Long Blades
  4365 | D:5      | Reached XP level 8. HP: 70/70 MP: 7/7
  5078 | D:6      | Reached * piety under Okawaru
  5473 | D:7      | Reached skill level 8 in Long Blades
  5504 | D:7      | Noticed a white ugly thing
  5965 | D:8      | Reached XP level 9. HP: 78/78 MP: 8/8
  6285 | D:8      | Noticed a hand axe
  6286 | D:8      | Found a hide-covered altar of Uskayaw.
  6286 | D:8      | Noticed a hand axe
  6338 | D:8      | Reached skill level 9 in Long Blades
  6536 | D:8      | Reached ** piety under Okawaru
  7380 | D:9      | Found a shattered altar of Ashenzari.
  7380 | D:9      | Found a glowing silver altar of Zin.
  7471 | D:9      | Noticed a two-headed ogre
  7488 | D:9      | Killed from afar by an orc priest

Skill      XL: |  1  2  3  4  5  6  7  8  9 |
---------------+----------------------------+-----
Armour         | 4 5 6 7 |  7.7
Fighting       | 4 5 6 8 |  8.0
Shields        | 4 5 6 7 |  7.6
Long Blades    | 3 4 5 7 8 9 |  9.7
Dodging        | 1 2 3 |  3.7
Stealth        | |  0.9
Evocations     | |  0.7

Action                   |  1- 3 |  4- 6 |  7- 9 || total
-------------------------+-------+-------+-------++-------
Melee: Long sword        |    99 |   140 |   349 ||   588
       Headbutt          |    10 |    24 |    59 ||    93
Invok: Heroism           |       |       |     1 ||     1
Evoke: Wand              |       |       |     8 ||     8
  Use: Scroll            |       |     4 |     7 ||    11
       Potion            |       |     1 |     2 ||     3
  Eat: Chunk             |       |     6 |    16 ||    22
Armor: Scale mail        |    56 |    58 |    13 ||   127
       Chain mail        |       |       |   133 ||   133
       Plate armour      |       |       |    19 ||    19
Dodge: Dodged            |    34 |    50 |    98 ||   182
       Deflected         |     1 |     1 |       ||     2
Block: Shield            |    69 |    54 |   194 ||   317
       Rpst.: Long sword |    10 |    12 |    27 ||    49
